 Dungeon Crawl Stone Soup version 0.23-a0-644-gb60d84b (webtiles) character file.

689 Firecrotchwizard the Digger (level 7, -3/44 HPs)
             Began as a Gargoyle Earth Elementalist on Jan 1, 2019.
             Slain by a steam dragon (5 damage)
             ... on level 5 of the Dungeon.
             The game lasted 00:14:19 (5069 turns).

Firecrotchwizard the Digger (GrEE)                  Turns: 5069, Time: 00:14:20

Health: -3/44      AC: 10    Str: 12    XL:     7   Next: 63%
Magic:  6/13       EV: 12    Int: 17    God:
Gold:   297        SH:  0    Dex: 10    Spells: 10/14 levels left

rFire    . . .     SeeInvis .   v - +1 dagger (venom)
rCold    . . .     Gourm    .   (no shield)
rNeg     + . .     Faith    .   c - +0 robe
rPois    ∞         Spirit   .   o - +0 helmet
rElec    +         Reflect  .   (no cloak)
rCorr    .         Harm     .   l - +2 pair of gloves
MR       +....                  (no boots)
Stlth    ++........             (no amulet)
HPRegen  0.14/turn              u - ring of protection from magic {MR+, !d}
MPRegen  0.13/turn              (no ring)

@: no status effects
A: negative energy resistance 1, electricity resistance, unbreathing,
petrification resistance, rot immunity, AC +4
a: no special abilities


You were on level 5 of the Dungeon.
You were not hungry.

You visited 2 branches of the dungeon, and saw 7 of its levels.

You collected 297 gold pieces.

Inventory:

Hand Weapons
 h - a +0 dagger
   (You took it off a goblin on level 2 of the Dungeon)
 v - a +1 dagger of venom (weapon)
   (You took it off an orc wizard on level 3 of the Dungeon)
Missiles
 b - 193 stones (quivered)
 y - 6 curare-tipped needles
Armour
 c - a +0 robe (worn)
 l - a +2 pair of gloves (worn)
   (You found it on level 1 of the Dungeon)
 o - a +0 helmet (worn)
   (You found it on level 1 of the Dungeon)
 B - a scarf of spirit shield
   (You found it on level 5 of the Dungeon)
Magical Staves
 j - an uncursed staff of death {rN+}
   (You found it on level 2 of the Dungeon)
Jewellery
 u - a ring of protection from magic (left hand) {MR+, !d}
   (You found it on level 3 of the Dungeon)
Wands
 C - a wand of digging (7)
   (You found it on level 5 of the Dungeon)
Scrolls
 a - 8 scrolls of identify
 f - a scroll of enchant armour {unknown}
 q - 2 scrolls of remove curse
 r - 3 scrolls of fog {unknown}
 s - a scroll of blinking {unknown}
 t - a scroll of magic mapping {unknown}
 w - 2 scrolls of noise {unknown}
 x - a scroll of amnesia {unknown}
 A - a scroll of teleportation {unknown}
 D - a scroll of immolation {unknown}
Potions
 e - a potion of mutation {unknown}
 g - a potion of brilliance {unknown}
 i - 3 potions of curing {unknown}
 k - 2 potions of might {unknown}
 m - 2 potions of agility {unknown}
 n - 2 potions of magic {unknown}
 p - 2 potions of haste {unknown}
 z - 2 potions of berserk rage {unknown}
Comestibles
 d - 7 rations
 E - 10 chunks of flesh {@w0}


   Skills:
 + Level 4.3 Fighting
 - Level 1.5 Dodging
 - Level 2.1 Stealth
 + Level 4.1 Spellcasting
 - Level 3.0 Conjurations
   Level 0.7 Transmutations
 + Level 6.6 Earth Magic


You had 10 spell levels left.
You knew the following spells:

 Your Spells              Type           Power        Failure   Level  Hunger
a - Sandblast             Erth           ####..       1%          1    None
x - Stone Arrow           Conj/Erth      ###...       6%          3    ###....

Your spell library contained the following spells:

 Spells                   Type           Power        Failure   Level  Hunger
 Passwall                 Tmut/Erth      ###.....     4%          2    ##.....
 Lee's Rapid Deconstruct  Erth           ####......   28%         5    ######.
 Petrify                  Tmut/Erth      ###.....     32%         4    ####...


Dungeon Overview and Level Annotations

Branches:
Dungeon (6/15)             Temple (1/1) D:4

Altars:
Cheibriados
Fedhas
Gozag
Hepliaklqana
Nemelex Xobeh
Trog
Uskayaw
Xom
Zin
Lugonu

Annotations:
D:3 exclusion: orc priest
D:5 1 runed door, exclusion: sky beast, reptisaurus's ghost, amateur OgIE


Innate Abilities, Weirdness & Mutations

You are resistant to torment.
Your stone body is resilient. (AC +4)
You are immune to poison.
You resist negative energy. (rN+)
You are resistant to electric shocks. (rElec)
You can survive without breathing.
You are immune to petrification.
You are immune to rotting.


Message History

b - 202 stones The hound bites you but does no damage.
The giant cockroach misses you. The hound bites you but does no damage.
The giant cockroach closely misses you.
You now have 8/13 mp.
Aim: a hound (almost dead, poisoned)
The blast of sand hits the hound.
You kill the hound!
b - 201 stones The giant cockroach bites you but does no damage.
You now have 7/13 mp.
You hit the giant cockroach. The giant cockroach barely misses you.
You barely miss the giant cockroach. The giant cockroach barely misses you.
You hit the giant cockroach but do no damage.
The giant cockroach is poisoned.
You kill the giant cockroach!
You see here a hound corpse.
You butcher the hound corpse.
E - 4 chunks of flesh {@w0} (gained 1)
You see here a hound skeleton.
You start resting.
Health restored: 44; MP restored: 13
Things that are here:
a +0 giant club; an ogre corpse You butcher the ogre corpse.
E - 10 chunks of flesh {@w0} (gained 6)
Things that are here:
a +0 giant club; an ogre skeleton
There is a stone staircase leading down here.
You climb downwards.
A steam dragon comes into view.
There is a stone staircase leading up here.
Here: a steam dragon (hasn't noticed you)
The floor.
A steam dragon is nearby!
The steam dragon hisses angrily.
You can't see any susceptible monsters within range! (Use Z to cast anyway.)
The steam dragon breathes steam at you. The ball of steam hits you!
You take 4 damage, and have 40/44 hp.
You can't see any susceptible monsters within range! (Use Z to cast anyway.)
You are engulfed in a cloud of scalding steam.
You take 1 damage, and have 39/44 hp.
Aim: a steam dragon (catching its breath)
The blast of sand hits the steam dragon.
b - 200 stones You are engulfed in a cloud of scalding steam.
You take 6 damage, and have 33/44 hp.
You now have 12/13 mp.
Aim: a steam dragon (lightly wounded, catching its breath)
The blast of sand hits the steam dragon.
b - 199 stones You are engulfed in a cloud of scalding steam.
You take 10 damage, and have 23/44 hp.
MASSIVE DAMAGE!!
You now have 11/13 mp.
Aim: a steam dragon (steam, moderately wounded, catching its breath)
The blast of sand misses the steam dragon.
b - 198 stones The steam dragon bites you.
The steam dragon claws you but does no damage.
You take 4 damage, and have 19/44 hp.
You now have 10/13 mp.
Aim: a steam dragon (moderately wounded, catching its breath)
The blast of sand hits the steam dragon.
b - 197 stones The steam dragon bites you.
The steam dragon claws you but does no damage.
You take 3 damage, and have 16/44 hp.
You now have 9/13 mp.
Aim: a steam dragon (severely wounded)
The blast of sand hits the steam dragon.
b - 196 stones A howler monkey zombie comes into view.
The steam dragon bites you but does no damage.
The steam dragon claws you.
* * * LOW HITPOINT WARNING * * *
You take 3 damage, and have 13/44 hp.
You now have 8/13 mp.
Aim: a steam dragon (severely wounded)
The blast of sand hits the steam dragon.
b - 195 stones The steam dragon bites you but does no damage.
The steam dragon completely misses you.
You now have 7/13 mp.
Aim: a steam dragon (severely wounded)
The blast of sand misses the steam dragon.
b - 194 stones The steam dragon breathes steam at you.
The ball of steam hits you!
* * * LOW HITPOINT WARNING * * *
You take 12 damage, and have 1/44 hp.
MASSIVE DAMAGE!!
You now have 6/13 mp.
You are engulfed in a cloud of scalding steam.
The steam dragon bites you but does no damage.
The steam dragon barely misses you.
You climb upwards.
Level annotation: 1 runed door, exclusion: sky beast, reptisaurus's ghost,
There is a stone staircase leading down here.
Aim: a steam dragon (severely wounded)
The blast of sand hits the steam dragon.
b - 193 stones The steam dragon bites you.
You die...

..+.........#
..##......#.####
...............#
#.#.###.<......#
#.#.......#....#
#.#####..##....#
..........#....#
.###......#....###
'########.......@##
.########.##.[.D..#
.##§○§###.##......#
.#§☼§§○##.##......#
.#○°○○.##.##......#
.#°..○§##.###+#.+##
.##°°§###.###.#..#
.########..##..#.#
.......≈#..###.#.##


You could see a steam dragon.

Vanquished Creatures
  2 ice beasts (D:5)
  An ogre (D:5)
  A howler monkey (D:2)
  2 hounds
  An orc wizard (D:3)
  An orc priest (D:3)
  2 worker ants (D:4)
  3 gnolls (D:2)
  7 adders
  An ooze (D:1)
  An adder skeleton (D:5)
  4 dart slugs
  2 worms
  2 leopard geckos
  8 orcs
  A ball python (D:1)
  16 giant cockroaches
  5 hobgoblins
  4 jackals (D:5)
  3 quokkas
  10 bats
  7 frilled lizards
  2 giant cockroach zombies (D:5)
  10 goblins
  A jackal skeleton (D:4)
  A kobold (D:3)
  A quokka skeleton (D:4)
  6 rats
105 creatures vanquished.

Notes
Turn   | Place    | Note
-------+----------+-------------------------------------------
     0 | D:1      | Firecrotchwizard the Gargoyle Earth Elementalist began the
                  | quest for the Orb.
     0 | D:1      | Reached XP level 1. HP: 10/10 MP: 3/3
    31 | D:1      | You fall through a shaft!
   154 | D:2      | Reached skill level 1 in Fighting
   154 | D:2      | Reached XP level 2. HP: 6/16 MP: 0/5
   160 | D:2      | Reached skill level 4 in Earth Magic
   164 | D:2      | HP: 3/16 [giant cockroach (2)]
   576 | D:1      | Reached XP level 3. HP: 20/21 MP: 3/6
   645 | D:1      | Reached skill level 2 in Fighting
  1302 | D:2      | Reached XP level 4. HP: 22/27 MP: 3/7
  1715 | D:2      | Reached skill level 5 in Earth Magic
  1820 | D:2      | Reached skill level 3 in Fighting
  1820 | D:2      | Reached XP level 5. HP: 32/32 MP: 4/8
  2157 | D:3      | Learned a level 3 spell: Stone Arrow
  2374 | D:3      | Reached skill level 1 in Conjurations
  2489 | D:3      | Reached skill level 3 in Spellcasting
  2924 | D:3      | Reached skill level 2 in Conjurations
  2924 | D:3      | Reached XP level 6. HP: 26/37 MP: 7/10
  3459 | D:4      | Reached skill level 3 in Conjurations
  3594 | D:4      | Found a staircase to the Ecumenical Temple.
  3604 | Temple   | Entered the Ecumenical Temple
  3709 | D:4      | Found a bloodstained altar of Trog.
  3896 | D:5      | Entered Level 5 of the Dungeon
  4021 | D:5      | Noticed a sky beast
  4218 | D:5      | Found a hazy altar of Hepliaklqana.
  4368 | D:5      | Noticed an ice beast
  4377 | D:5      | Killed an ice beast
  4377 | D:5      | Reached skill level 6 in Earth Magic
  4377 | D:5      | Reached XP level 7. HP: 42/42 MP: 5/12
  4487 | D:5      | Found a runed door.
  4493 | D:5      | Noticed reptisaurus's ghost (amateur OgIE)
  4552 | D:5      | Reached skill level 4 in Fighting
  4696 | D:5      | Found a sparkling altar of Nemelex Xobeh.
  4904 | D:5      | Reached skill level 4 in Spellcasting
  5050 | D:6      | Noticed a steam dragon
  5066 | D:6      | HP: 1/44 [steam dragon/ball of steam (12)]
  5069 | D:5      | Slain by a steam dragon

Vault maps used:
D:1:      dpeg_arrival_rhombus, minmay_crystal_room
D:2:      minmay_roachtagon, first_ration
D:4:      lightli_temple_of_fire, minmay_temple_entry_overgrown
D:5:      nemelex_altar_shiori, hellmonk_ghost_happy_afterlife,
          minmay_misc_feat_encased, lemuel_altar_in_water
D:6:      minmay_misc_feat_chi, tso_altar
Temple:   corrupted_temple

Skill      XL: |  1  2  3  4  5  6  7 |
---------------+----------------------+-----
Fighting       | 1 2 3 4 |  4.3
Earth Magic    | 4 5 6 |  6.6
Conjurations   | 2 3 |  3.0
Spellcasting   | 3 4 |  4.1
Dodging        | |  1.5
Stealth        | |  2.1
Transmutations | |  0.7

Action                   |  1- 3 |  4- 6 |  7- 9 || total
-------------------------+-------+-------+-------++-------
Melee: Dagger            |   125 |   267 |    19 ||   411
       Unarmed           |     1 |       |       ||     1
Throw: Stone             |     7 |     9 |       ||    16
 Cast: Sandblast         |    25 |    36 |    21 ||    82
  Use: Scroll            |     2 |     1 |       ||     3
 Stab: Sleeping          |     2 |     4 |       ||     6
  Eat: Chunk             |     2 |     9 |       ||    11
       Ration            |       |       |     1 ||     1
Armor: Robe              |    48 |   112 |    26 ||   186
Dodge: Dodged            |    97 |   185 |    21 ||   303

Table legend:
 A = Non-vault XP
 B = Vault XP
 C = Vault XP percentage of total XP
 D = Non-vault monster count
 E = Vault monster count
 F = Vault count percentage of total count
                 A         B        C        D         E       F
            +---------+---------+-------+---------+---------+-------
      Total |     963 |      22 |   2.2 |      94 |      11 |  10.5
            +---------+---------+-------+---------+---------+-------
        D:1 |      37 |       0 |   0.0 |      18 |       0 |   0.0
        D:2 |     147 |      22 |  13.0 |      23 |      11 |  32.4
        D:3 |     183 |       0 |   0.0 |      26 |       0 |   0.0
        D:4 |     136 |       0 |   0.0 |      10 |       0 |   0.0
        D:5 |     454 |       0 |   0.0 |      15 |       0 |   0.0
        D:6 |       6 |       0 |   0.0 |       2 |       0 |   0.0
            +---------+---------+-------+---------+---------+-------

Vault maps used:
D:1:      dpeg_arrival_rhombus, minmay_crystal_room
D:2:      minmay_roachtagon, first_ration
D:4:      lightli_temple_of_fire, minmay_temple_entry_overgrown
D:5:      nemelex_altar_shiori, hellmonk_ghost_happy_afterlife,
          minmay_misc_feat_encased, lemuel_altar_in_water
D:6:      minmay_misc_feat_chi, tso_altar
Temple:   corrupted_temple

Table legend:
 A = Turns spent in this place as a percentage of turns spent in the entire game.
 B = Non-inter-level travel turns spent in this place as a percentage of non-inter-level travel turns spent in the entire game.
 C = Inter-level travel turns spent in this place as a percentage of turns spent in this place.
 D = Turns resting spent in this place as a percentage of non-inter-level travel turns spent in this place.
 E = Turns spent auto-exploring this place as a percentage of non-inter-level travel turns spent in this place.
 F = Non-inter-level travel turns spent in this place divided by the number of levels of this place that you've seen.
                   A       B       C       D       E      F
               +-------+-------+-------+-------+-------+----------------------
         Total | 100.0 | 100.0 |   2.6 |  24.5 |  50.3 | 705.3
       Dungeon |  99.1 |  99.1 |   2.6 |  24.8 |  50.1 | 815.5
        Temple |   0.9 |   0.9 |   0.0 |   0.0 |  63.6 |  44.0
               +-------+-------+-------+-------+-------+----------------------

Table legend:
 A = Kills in this place as a percentage of kills in entire the game.
 B = Kills by you in this place as a percentage of kills by you in the entire game.
 C = Kills by friends in this place as a percentage of kills by friends in the entire game.
 D = Other kills in this place as a percentage of other kills in the entire game.
 E = Experience gained in this place as a percentage of experience gained in the entire game.
 F = Experience gained in this place divided by the number of levels of this place that you have seen.
                   A       B       C       D       E      F
               +-------+-------+-------+-------+-------+----------------------
         Total | 100.0 | 100.0 |   N/A |   N/A | 100.0 | 140.7
       Dungeon | 100.0 | 100.0 |   N/A |   N/A | 100.0 | 164.2
               +-------+-------+-------+-------+-------+----------------------
